 Dungeon Crawl Stone Soup version 0.30.1-4-g462c640d31 (webtiles) character file.

Game seed: 405536827276187829

149 MrPagan1517 the Chopper (level 5, 0/47 HPs)
             Began as a Hill Orc Fighter on Sept 19, 2023.
             Succumbed to a scorpion's poison
             ... on level 4 of the Dungeon.
             The game lasted 00:04:50 (2615 turns).

MrPagan1517 the Chopper (Hill Orc Fighter)          Turns: 2615, Time: 00:04:52

Health: 0/47       AC: 10    Str: 21    XL:     5   Next: 31%
Magic:  5/5        EV:  8    Int:  8    God:
Gold:   208        SH:  4    Dex: 10    Spells: 4/4 levels left

rFire   . . .        a - +1 war axe
rCold   . . .        c - +0 buckler
rNeg    + . .        i - +0 chain mail
rPois   .            l - +0 helmet
rElec   .            (no cloak)
rCorr   .            (no gloves)
SInv    .            (no boots)
Will    .....        (no amulet) Stlth
                     g - ring of positive energy
HPRegen 0.27/turn    (no ring)
MPRegen 0.09/turn

%: no passive effects
@: lethally poisoned (0 -> -19)
A: no striking features
a: no special abilities


You were on level 4 of the Dungeon.
You visited 1 branch of the dungeon, and saw 4 of its levels.

You collected 208 gold pieces.

Inventory:

Hand Weapons
 a - a +1 war axe (weapon)
Armour
 b - a +0 scale mail
 c - a +0 buckler (worn)
 i - a +0 chain mail (worn)
 l - a +0 helmet (worn)
Jewellery
 g - a ring of positive energy (left hand)
 p - a ring of see invisible
Wands
 m - a wand of mindburst (18)
 u - a wand of flame (20)
Scrolls
 r - a scroll of teleportation
Potions
 d - 2 potions of might
 e - a potion of cancellation
 f - a potion of haste
 h - a potion of flight
 j - a potion of heal wounds {unknown}
 k - a potion of lignification {unknown}
 s - a potion of ambrosia {unknown}


   Skills:
 + Level 4.4 Fighting
 + Level 5.4 Axes
 + Level 3.8 Armour
 + Level 0.6 Dodging
 + Level 3.6 Shields


You had 4 spell levels left.
You didn't know any spells.
Your spell library contained the following spells:

 Spells                   Type           Power      Damage    Failure   Level
 Poisonous Vapours        Pois/Air       0%         N/A       99%         2
 Mephitic Cloud           Conj/Pois/Air  0%         N/A       100%        3
 Freezing Cloud           Conj/Ice/Air   0%         6-21      100%        5


Dungeon Overview and Level Annotations

Branches:
Dungeon (4/15)
 Temple: D:4-7

Altars:
Cheibriados
Dithmenos
Fedhas
Xom

Shops:
D:1 *


Message History

The scorpion is lightly wounded.
You feel very sick. The scorpion barely misses you.
An orc comes into view. It is wielding a +0 morningstar.
A hobgoblin comes into view.
You barely miss the scorpion.
The scorpion is lightly wounded.
You feel very sick.
The hobgoblin shouts!
The orc shouts!
The scorpion stings you.
* * * LOW HITPOINT WARNING * * *
You are lethally poisoned!
The scorpion poisons you!
A goblin comes into view. It is wielding a +0 dagger.
The scorpion barely misses you.
The goblin shouts!
You slash the scorpion!
The scorpion is moderately wounded.
* * * LOW HITPOINT WARNING * * *
You feel very sick.
You hear a shout!
The scorpion closely misses you.
Aiming: Throw Flame
Press: ? - help, Q - select action, (/) - cycle Shift-Dir - straight line, f - scorpion
Aim: a scorpion (moderately wounded, 68% to hit)
The puff of flame misses the scorpion.
* * * LOW HITPOINT WARNING * * *
You feel very sick.
The scorpion stings you but does no damage.
The hobgoblin hits you but does no damage.
The scorpion stings you.
* * * LOW HITPOINT WARNING * * *
You are more poisoned.
The scorpion poisons you!
Aiming: Mindburst
Press: ? - help, Q - select action, (/) - cycle Shift-Dir - straight line, f/p - scorpion
Aim: a scorpion (moderately wounded, chance to affect: 64%)
The scorpion's mind is blasted!
You blow up the scorpion!
You die...

#. ....# ##.#..#$
#......# . ......#
.K .....###..
#...#.g.# #)..o.#
..#. .# #.#####@g..#
##.. ..#
#.....)...###.... ..
#.#####.##.#.##.#..#
#......# #.#..#
.####......###.#..#
........<.........#
#####............#
#.....##.#.###
########.#<#


You could see an orc, a hobgoblin and a goblin.

Vanquished Creatures
  A scorpion (D:4)
  An iguana (D:3)
  4 adders
  An ufetubus (D:4)
  3 worms (D:2)
  4 dart slugs
  An orc (D:3)
  6 ball pythons
  5 bats
  4 endoplasms
  3 giant cockroaches
  8 hobgoblins
  3 jackals (D:1)
  2 quokkas
  2 frilled lizards
  5 goblins
  6 kobolds
  6 rats
65 creatures vanquished.

Notes
Turn   | Place    | Note
-------+----------+-------------------------------------------
     0 | D:1      | MrPagan1517 the Hill Orc Fighter began the quest for the
                  | Orb.
     0 | D:1      | Reached XP level 1. HP: 19/19 MP: 1/1
    71 | D:1      | HP: 1/20 [frozen (3)]
   187 | D:1      | Reached XP level 2. HP: 26/27 MP: 2/2
   249 | D:1      | Reached skill level 3 in Axes
   365 | D:1      | Found Utuzucog's General Store.
   623 | D:1      | Reached XP level 3. HP: 33/33 MP: 3/3
   792 | D:2      | Reached skill level 4 in Axes
   952 | D:2      | Reached XP level 4. HP: 40/40 MP: 4/4
  1275 | D:2      | Found a shimmering altar of Xom.
  1535 | D:3      | Found a blossoming altar of Fedhas.
  1663 | D:3      | Reached skill level 5 in Axes
  1890 | D:3      | Found a shadowy altar of Dithmenos.
  2014 | D:3      | Found a snail-covered altar of Cheibriados.
  2197 | D:3      | Reached XP level 5. HP: 35/47 MP: 5/5
  2615 | D:4      | Succumbed to a scorpion's poison

Illustrated notes

Levels and vault maps discovered:
D:1:      kennysheep_arrival_forest, layout_rooms, serial_shops,
          nicolae_shop_advertising_works [nicolae_subvault_shop_adworks],
          serial_co_window_serial, co_window_cross_1,
          co_window_of_opportunity_a, co_window_paths_b,
          co_window_of_opportunity_a, co_window_cross_1, co_window_corner_b,
          co_window_of_opportunity_c, co_window_paths_c, co_window_2corner,
          glass_columns_c, glass_columns_b, bh_walls_and_bars
D:2:      layout_loops_ring, basic_altar, minmay_pentomino_o2
D:3:      layout_loops_corners, old_standard_altar,
          grunt_dithmenos_smoke_and_mirrors, fedhas_altar_3,
          kennysheep_generic_room_8
D:4:      layout_loops_ring, overflow_temple_1_default,
          nicolae_overflow_hidden_temple, nicolae_qazlal_style_of_elements,
          chequers_serial_rivers_marsh, minmay_fractal_squares_diagonal_5,
          uniq_duvessa

Skill      XL: |  1  2  3  4 |
---------------+-------------+-----
Axes           | 3 4 5 |  5.4
Fighting       | 4 |  4.4
Armour         | |  3.8
Dodging        | |  0.6
Shields        | |  3.6

Action                     |  1- 3 |  4- 6 || total
---------------------------+-------+-------++-------
  Melee: War axe           |    99 |   100 ||   199
  Evoke: Wand              |       |     2 ||     2
    Use: Scroll            |     1 |     9 ||    10
 Armour: Scale mail        |    42 |     6 ||    48
         Chain mail        |       |    53 ||    53
  Dodge: Dodged            |    51 |    42 ||    93
  Block: Buckler           |    12 |    16 ||    28
